 Dungeon Crawl Stone Soup version 0.21-a0-404-g291f19a (webtiles) character file.

102 nikopol the Shooter (level 4, 0/35 HPs)
             Began as a Centaur Arcane Marksman on Oct 28, 2017.
             Slain by Natasha (7 damage)
             ... on level 2 of the Dungeon.
             The game lasted 00:07:04 (2292 turns).

nikopol the Shooter (Centaur Arcane Marksman)       Turns: 2292, Time: 00:07:04

Health: 0/35       AC:  4    Str: 12    XL:     4   Next: 49%
Magic:  5/5        EV: 10    Int: 12    God:
Gold:   158        SH:  0    Dex: 11    Spells: 4/5 levels left

rFire    . . .     SeeInvis .   a - +0 shortbow
rCold    . . .     Gourm    .   (shield currently unavailable)
rNeg     . . .     Faith    .   e - +0 robe
rPois    .         Spirit   .   (no helmet)
rElec    .         Reflect  .   (no cloak)
rCorr    .         Harm     .   (no gloves)
MR       .....                  (no barding)
Stlth    +.........             (no amulet)
HPRegen  0.11/turn              (no ring)
MPRegen  0.09/turn              (no ring)

@: slowed, drained
A: hooves 3, deformed body, speed 2, tough skin 3
a: no special abilities


You were on level 2 of the Dungeon.
You were not hungry.

You visited 1 branch of the dungeon, and saw 3 of its levels.

You collected 158 gold pieces.

Inventory:

Hand Weapons
 a - a +0 shortbow (weapon)
Missiles
 d - 32 arrows (quivered)
Armour
 e - a +0 robe (worn)
Jewellery
 p - an uncursed ring of fire {unknown}
Scrolls
 h - a scroll of remove curse {unknown}
 i - 6 scrolls of identify
 k - a scroll of fog {unknown}
 l - a scroll of magic mapping {unknown}
 q - a scroll of amnesia {unknown}
 u - a scroll of teleportation {unknown}
 v - a scroll of fear {unknown}
Potions
 b - 2 potions of mutation {unknown}
 j - a potion of degeneration {unknown}
 m - a potion of lignification {unknown}
 o - 2 potions of curing
 s - 2 potions of brilliance {unknown}
 t - a potion of magic {unknown}
Books
 c - a book of Debilitation

   Spells                             Type                      Level
   a - Corona                         Hexes                        1
   b - Slow                           Hexes                        2
   c - Inner Flame                    Hexes/Fire                   3
   d - Portal Projectile              Hexes/Translocation          3
   e - Cause Fear                     Hexes                        4
   f - Leda's Liquefaction            Hexes/Earth                  4
Comestibles
 f - a bread ration
 n - 2 fruits
 r - 3 royal jellies


   Skills:
 + Level 1.5(1.4) Fighting
 + Level 5.4(5.3) Bows
 + Level 1.6(1.5) Dodging
 + Level 1.0(0.8) Spellcasting
 + Level 3.0(2.9) Hexes


You had 4 spell levels left.
You knew the following spells:

 Your Spells              Type           Power        Failure   Level  Hunger
a - Corona                Hex            #......      9%          1    ##.....


Dungeon Overview and Level Annotations

Branches:
Dungeon (3/15)

Altars:
Xom

Annotations:
D:2 Natasha


Innate Abilities, Weirdness & Mutations

You have hooves in place of feet.
Armour fits poorly on your strangely shaped body.
You cover ground very quickly.
You have extremely tough skin. (AC +3)


Message History

You shoot an arrow. The arrow barely misses Natasha.
The arrow hits the orc wizard.
The orc wizard is heavily wounded.
Natasha closely misses you.
The orc priest invokes the aid of Beogh against you.
Beogh smites you! Natasha barely misses you.
You are too injured to fight recklessly!
The goblin hits you but does no damage. Natasha claws you!
* * * LOW HITPOINT WARNING * * *
The orc wizard miscasts a cantrip.
The goblin hits you.
* * * LOW HITPOINT WARNING * * *
You climb upwards.
There is a stone staircase leading down here.
You are too injured to fight recklessly!
Firing (i - inventory):
d - 33 arrows (quivered)
Press: ? - help, Shift-Dir - straight line, f - Natasha
Aim: Natasha (heavily wounded)
You shoot an arrow. The arrow barely misses Natasha.
Natasha claws you!
You die...

......###..# ##....###.#.#
.....#####.# ##...##..#.#
...........# ###.)....##.#
...........## #####......####.###
.......(....###...#.#...## #...#
....................#...#######.#
...................##...#...##...
######.#........g...####.........
## #........#.@h#.###(†........
.# ###.#..............(........
.## #..)#........###..........
..# ###......#......#.....)...
#.##### #........#.##..#...##...
<...(.# ########.....#.#######.#
......###########.......## #.#
.........................#### #.#
......#################.....###.#


You could see Natasha and a goblin.

Vanquished Creatures
  Jessica (D:1)
  An adder (D:1)
  4 dart slugs
  4 orcs (D:3)
  5 bats
  3 giant cockroaches
  9 goblins
  6 hobgoblins
  3 quokkas (D:2)
  A frilled lizard (D:1)
  6 kobolds
  9 rats
52 creatures vanquished.

Notes
Turn   | Place    | Note
-------+----------+-------------------------------------------
     0 | D:1      | nikopol the Centaur Arcane Marksman began the quest for the Orb.
     0 | D:1      | Reached XP level 1. HP: 16/16 MP: 2/2
   107 | D:1      | Reached skill level 3 in Bows
   121 | D:1      | Reached XP level 2. HP: 17/23 MP: 3/3
   843 | D:2      | Noticed Jessica
   847 | D:1      | Killed Jessica
   847 | D:1      | Reached skill level 4 in Bows
   847 | D:1      | Reached XP level 3. HP: 28/28 MP: 4/4
  1211 | D:2      | Reached XP level 4. HP: 35/35 MP: 5/5
  1231 | D:2      | Found a shimmering altar of Xom.
  1334 | D:2      | Reached skill level 5 in Bows
  2098 | D:3      | Noticed Natasha
  2292 | D:2      | Slain by Natasha

Vault maps used:
D:1:      scummos_arrival_hexagon
D:2:      old_standard_altar, uniq_jessica
D:3:      uniq_natasha

Skill      XL: |  1  2  3  4 |
---------------+-------------+-----
Hexes          | 3 |  3.0
Bows           | 3 4 5 |  5.4
Fighting       | |  1.5
Dodging        | |  1.6
Spellcasting   | |  1.0

Action                   |  1- 3 |  4- 6 || total
-------------------------+-------+-------++-------
 Fire: Shortbow          |   126 |    96 ||   222
  Use: Scroll            |     1 |       ||     1
       Potion            |     1 |       ||     1
  Eat: Chunk             |       |     3 ||     3
Armor: Robe              |    25 |    17 ||    42
Dodge: Dodged            |    45 |    27 ||    72

Table legend:
 A = Spawn XP
 B = Non-spawn XP
 C = Spawn XP percentage of total XP
 D = Spawn monster count
 E = Non-spawn monster count
 F = Spawn count percentage of total count
 G = Total turns spent on level
                    A         B        C        D         E        F      G
               +---------+---------+-------+---------+---------+-------+---------
         Total |       0 |     146 |   0.0 |       0 |      52 |   0.0 |  2292
               +---------+---------+-------+---------+---------+-------+---------
           D:1 |       0 |      86 |   0.0 |       0 |      21 |   0.0 |  1046
           D:2 |       0 |      26 |   0.0 |       0 |      16 |   0.0 |   805
           D:3 |       0 |      34 |   0.0 |       0 |      15 |   0.0 |   441
               +---------+---------+-------+---------+---------+-------+---------
